 Dungeon Crawl Stone Soup version 0.29.0-10-g45618ea6d2 (webtiles) character file.

Game seed: 14025023706795339593

375 Flugkiller the Chopper (level 6, 0/56 HPs)
             Began as a Minotaur Fighter on Sept 1, 2022.
             Slain by a sky beast (6 damage)
             ... on level 4 of the Dungeon.
             The game lasted 00:01:15 (2872 turns).

Flugkiller the Chopper (Minotaur Fighter)           Turns: 2872, Time: 00:01:16

Health: 0/56       AC:  7    Str: 20    XL:     6   Next: 44%
Magic:  5/5        EV:  9    Int:  5    God:
Gold:   150        SH:  4    Dex: 12    Spells: 5/5 levels left

rFire   . . .      SeeInvis .   a - +0 war axe
rCold   . . .      Faith    .   c - +0 buckler
rNeg    . . .      Spirit   .   b - +0 scale mail
rPois   .          Reflect  .   (helmet restricted)
rElec   .          Harm     .   (no cloak)
rCorr   .          Rampage  .   (no gloves)
Will    .....                   (no boots)
Stlth   ..........              (no amulet)
HPRegen 0.18/turn               (no ring)
MPRegen 0.09/turn               (no ring)

@: mighty
A: horns 2, retaliatory headbutt
a: no special abilities


You were on level 4 of the Dungeon.
You visited 1 branch of the dungeon, and saw 4 of its levels.

You collected 150 gold pieces.

Inventory:

Hand Weapons
 a - a +0 war axe (weapon)
Armour
 b - a +0 scale mail (worn)
 c - a +0 buckler (worn)
Jewellery
 m - an amulet of the acrobat
   (You found it on level 2 of the Dungeon)
Wands
 r - a wand of charming (6)
   (You found it on level 4 of the Dungeon)
Scrolls
 e - a scroll of magic mapping {unknown}
 f - 2 scrolls of teleportation {unknown}
 h - 3 scrolls of enchant weapon {unknown}
 i - a scroll of summoning {unknown}
 l - a scroll of noise {unknown}
 n - a scroll of amnesia {unknown}
 p - a scroll of identify {unknown}
 q - a scroll of poison {unknown}
Potions
 d - 2 potions of might
 g - a potion of invisibility {unknown}
 j - a potion of flight {unknown}
 k - 3 potions of heal wounds {unknown}
 o - a potion of curing {unknown}


   Skills:
 + Level 5.3 Fighting
 * Level 6.1 Axes
 + Level 5.3 Armour
 - Level 3.6 Shields


You had 5 spell levels left.
You didn't know any spells.
Your spell library was empty.

Dungeon Overview and Level Annotations

Branches:
Dungeon (4/15)
 Temple: D:4-7

Altars:
Elyvilon
Hepliaklqana
Nemelex Xobeh
Vehumet

Shops:
D:1 (


Innate Abilities, Weirdness & Mutations

You have a pair of horns on your head.
You reflexively headbutt those who attack you in melee.


Message History

A kobold comes into view. It is wielding a +0 dagger.
A kobold is nearby!
A kobold is nearby!
A kobold is nearby!
The kobold throws a stone.
The stone hits you but does no damage.
The kobold throws a stone.
The stone hits you but does no damage. The kobold misses you.
You furiously retaliate!
You headbutt the kobold.
You kill the kobold!
No target in view!
No target in view!
No target in view!
No target in view!
No target in view!
Things that are here:
a +0 dagger; 3 stones; a kobold corpse
Found a mace.
You see here a +0 mace.
You now have 150 gold pieces (gained 12).
k - 3 ruby potions (gained 1)
A goblin comes into view. It is wielding a +0 club.
Found a twisted bronze wand.
The goblin shouts!
A goblin is nearby!
You hit the goblin.
The goblin is severely wounded.
The goblin hits you but does no damage.
You hit the goblin.
You kill the goblin!
No target in view!
No target in view!
No target in view!
No target in view!
Found a book of Changes.
You see here a book of Changes.
r - a wand of charming (6)
An endoplasm comes into view.
The endoplasm quivers.
An iguana comes into view.
The iguana hisses angrily.
The endoplasm freezes you.
You are frozen.
You slash the endoplasm!
You kill the endoplasm!
You block the iguana's attack.
You hit the iguana but do no damage. You block the iguana's attack.
You barely miss the iguana. The iguana barely misses you.
You furiously retaliate!
You headbutt the iguana, but do no damage.
You hit the iguana. Your headbutt misses the iguana.
The iguana is moderately wounded.
The iguana bites you.
You slash the iguana!
The iguana is almost dead.
The iguana bites you.
An iguana is nearby!
An iguana is nearby!
You slash the iguana!
You kill the iguana!
No target in view!
You see here an iguana corpse.
HP restored.
A sky beast comes into view.
The sky beast flickers out of sight!
Deactivating autopickup; reactivate with Ctrl-A.
There is a strange disturbance nearby!
There is a strange disturbance nearby!
No target in view!
No target in view!
No target in view!
No target in view!
No target in view!
Found a stone staircase leading up and a stone staircase leading down.
Something hits you. Something shocks you.
You miss something. Something hits you but does no damage.
You barely miss something. You block something's attack.
You barely miss something. Something hits you. Something shocks you.
You miss something. Something hits you but does no damage. Something hits you.
Something shocks you.
You closely miss something. Something hits you. Something shocks you.
You miss something. Something hits you. Something shocks you.
You miss something. Something hits you. Something shocks you.
* * * LOW HITPOINT WARNING * * *
You barely miss something. Something hits you but does no damage.
Something hits you.
* * * LOW HITPOINT WARNING * * *
Something shocks you.
* * * LOW HITPOINT WARNING * * *
You slash something! Something hits you but does no damage.
Unknown command.
Unknown command.
Enter note: Unknown command.
You feel very mighty all of a sudden. Something hits you but does no damage.
You closely miss something.
A sky beast appears from thin air!
Reactivating autopickup.
The sky beast hits you.
* * * LOW HITPOINT WARNING * * *
The sky beast shocks you.
You die...

#.# #..#
##.#####..#
##..##.....#
#...##.###.#
#...##.# #.#
#..†#### ###
#.⌠.# .#
####...###.<.#
#......@.....#
#.8.....Y..###
#..........#
####.......#
#.........
#........8.
...........#
.>.###...####


You could see a sky beast.

Vanquished Creatures
  Sigmund (D:3)
  Natasha (thrice) (D:3)
  An iguana (D:4)
  4 adders
  3 dart slugs (D:1)
  3 orcs (D:3)
  7 endoplasms
  3 giant cockroaches
  3 goblins
  7 hobgoblins
  7 kobolds
  4 quokkas
  4 ball pythons (D:3)
  6 bats
  4 frilled lizards
  2 rats
62 creatures vanquished.

Notes
Turn   | Place    | Note
-------+----------+-------------------------------------------
     0 | D:1      | Flugkiller the Minotaur Fighter began the quest for the
                  | Orb.
     0 | D:1      | Reached XP level 1. HP: 19/19 MP: 0/0
     6 | D:1      | You fall into a shaft and drop 1 floor!
    23 | D:2      | Reached skill level 3 in Axes
    23 | D:2      | Reached XP level 2. HP: 27/27 MP: 1/1
   301 | D:1      | Found Beicuir's Weapon Shop.
   637 | D:1      | Reached XP level 3. HP: 26/33 MP: 2/2
  1226 | D:2      | Identified the +12 short sword of Edwime Ebifu {pain, rC+}
  1353 | D:2      | Reached skill level 4 in Axes
  1403 | D:2      | Found a hazy altar of Hepliaklqana.
  1667 | D:3      | Reached XP level 4. HP: 37/40 MP: 3/3
  1702 | D:3      | Found a faded altar of an unknown god.
  1768 | D:3      | Noticed Sigmund
  1787 | D:3      | Killed Sigmund
  1788 | D:3      | Reached skill level 5 in Fighting
  1788 | D:3      | Reached skill level 5 in Axes
  1788 | D:3      | Reached skill level 5 in Armour
  1788 | D:3      | Reached XP level 5. HP: 21/48 MP: 4/4
  1968 | D:3      | Noticed Natasha
  1977 | D:3      | Killed Natasha
  1978 | D:3      | Reached XP level 6. HP: 45/56 MP: 5/5
  2100 | D:3      | Noticed Natasha
  2108 | D:3      | Killed Natasha
  2178 | D:3      | Noticed Natasha
  2185 | D:3      | Killed Natasha
  2362 | D:3      | Reached skill level 6 in Axes
  2441 | D:3      | Found a sparkling altar of Nemelex Xobeh.
  2498 | D:3      | Found a white marble altar of Elyvilon.
  2522 | D:3      | Found a radiant altar of Vehumet.
  2859 | D:4      | Noticed a sky beast
  2872 | D:4      | Slain by a sky beast

Illustrated notes

Levels and vault maps discovered:
D:1:      lightli_arrival_boilingwater, layout_loops_cross, serial_shops,
          nicolae_shop_bloodbath_and_beyond, hex_medium, minivault_27
D:2:      layout_basic, basic_altar, chequers_serial_rivers_micro_a
D:3:      layout_rooms, nemelex_dance_club_becter,
          mainiacjoe_overflow_cross_hatched, elyvilon_altar_1,
          shapermc_ecumenical_altar_flowoftime, minmay_close_crescents,
          uniq_sigmund, uniq_natasha
D:4:      layout_loops_corners, nicolae_elevator_lobby_asterisk

Skill      XL: |  1  2  3  4  5  6 |
---------------+-------------------+-----
Axes           | 3 4 5 6 |  6.1
Fighting       | 4 5 |  5.3
Armour         | 4 5 |  5.3
Shields        | |  3.6

Action                   |  1- 3 |  4- 6 || total
-------------------------+-------+-------++-------
Melee: War axe           |    62 |    70 ||   132
       Headbutt          |     9 |    10 ||    19
  Use: Potion            |       |     1 ||     1
Armor: Scale mail        |    22 |    30 ||    52
Dodge: Dodged            |    25 |    29 ||    54
Block: Buckler           |    20 |    10 ||    30
